 Dungeon Crawl Stone Soup version 0.23-a0-121-g4413648 (webtiles) character file.

24 GrunderHorse the Cudgeler (level 3, 21/21 HPs)
             Began as a Gargoyle Gladiator on Aug 25, 2018.
             Quit the game on level 1 of the Dungeon.
             The game lasted 00:00:49 (694 turns).

GrunderHorse the Cudgeler (Gargoyle Gladiator)       Turns: 694, Time: 00:00:50

Health: 21/21      AC:  7    Str: 17    XL:     3   Next: 2%
Magic:  3/3        EV: 12    Int:  8    God:
Gold:   32         SH:  0    Dex: 12    Spells: 2/2 levels left

rFire    . . .     SeeInvis .   i - +0 whip
rCold    . . .     Gourm    .   (no shield)
rNeg     + . .     Faith    .   b - +0 leather armour
rPois    ∞         Spirit   .   c - +0 helmet
rElec    +         Reflect  .   (no cloak)
rCorr    .         Harm     .   (no gloves)
MR       .....                  (no boots)
Stlth    +.........             (no amulet)
HPRegen  0.07/turn              (no ring)
MPRegen  0.08/turn              (no ring)

@: no status effects
A: negative energy resistance 1, electricity resistance, unbreathing,
petrification resistance, rot immunity, AC +3
a: no special abilities


You were on level 1 of the Dungeon.
You were not hungry.

You visited 1 branch of the dungeon, and saw 1 of its levels.

You collected 32 gold pieces.

Inventory:

Hand Weapons
 a - a +0 flail
 i - a +0 whip (weapon)
Missiles
 d - 3 throwing nets (quivered)
Armour
 b - a +0 leather armour (worn)
 c - a +0 helmet (worn)
Scrolls
 h - 2 scrolls of remove curse {unknown}
 j - a scroll of fear {unknown}
Potions
 e - a potion of heal wounds {unknown}
Comestibles
 f - a ration
 g - 3 chunks of flesh


   Skills:
 - Level 2.1 Fighting
 + Level 4.1 Maces & Flails
 - Level 1.7 Throwing
 - Level 2.4 Dodging


You had 2 spell levels left.
You didn't know any spells.
Your spell library was empty.

Dungeon Overview and Level Annotations

Branches:
Dungeon (1/15)

Altars:


Innate Abilities, Weirdness & Mutations

You are resistant to torment.
Your stone body is resilient. (AC +3)
You are immune to poison.
You resist negative energy. (rN+)
You are resistant to electric shocks. (rElec)
You can survive without breathing.
You are immune to petrification.
You are immune to rotting.


Message History

j - a scroll labeled MOUFRA LUMI No target in view!
No target in view!
A giant cockroach comes into view.
A giant cockroach is nearby!
You hit the giant cockroach.
The giant cockroach is heavily wounded.
The giant cockroach misses you.
A giant cockroach is nearby!
You hit the giant cockroach.
You kill the giant cockroach!
You have reached level 3!
Your experience leads to an increase in your attributes!
Increase (S)trength, (I)ntelligence, or (D)exterity?
You feel agile.
You butcher the giant cockroach corpse.
g - 3 chunks of flesh (gained 2)
Found a ring mail.
Unknown command.
Are you sure you want to abandon this character and quit the game? (Confirm with "yes".)

#.##.....# #..#
#.......... #..#
#.##.....### #..# #.
##########################
#...........#........
#.#########.#.#######
#.....#.....#.....#..
########.#.#########.#.#
[......@.#...........#..
########################


There were no monsters in sight!

Vanquished Creatures
  3 dart slugs (D:1)
  3 giant cockroaches (D:1)
  2 goblins (D:1)
  2 hobgoblins (D:1)
  2 kobolds (D:1)
  A ball python (D:1)
  A bat (D:1)
  2 frilled lizards (D:1)
  2 rats (D:1)
18 creatures vanquished.

Notes
Turn   | Place    | Note
-------+----------+-------------------------------------------
     0 | D:1      | GrunderHorse the Gargoyle Gladiator began the quest for the Orb.
     0 | D:1      | Reached XP level 1. HP: 12/12 MP: 1/1
    70 | D:1      | Reached XP level 2. HP: 14/17 MP: 2/2
   564 | D:1      | Reached skill level 4 in Maces & Flails
   689 | D:1      | Reached XP level 3. HP: 21/21 MP: 3/3
   694 | D:1      | Quit the game

Vault maps used:
D:1:      dpeg_arrival_oval, roderic_serpentine_path

Skill      XL: |  1  2 |
---------------+-------+-----
Maces & Flails | 4 |  4.1
Fighting       | |  2.1
Throwing       | |  1.7
Dodging        | |  2.4

Action                   || total
-------------------------++-------
Melee: Flail             ||    26
       Whip              ||    38
Armor: Leather armour    ||    21
Dodge: Dodged            ||    49

Table legend:
 A = Non-vault XP
 B = Vault XP
 C = Vault XP percentage of total XP
 D = Non-vault monster count
 E = Vault monster count
 F = Vault count percentage of total count
                 A         B        C        D         E       F
            +---------+---------+-------+---------+---------+-------
      Total |      35 |       0 |   0.0 |      18 |       0 |   0.0
            +---------+---------+-------+---------+---------+-------
        D:1 |      35 |       0 |   0.0 |      18 |       0 |   0.0
            +---------+---------+-------+---------+---------+-------
